 Dungeon Crawl Stone Soup version 0.29.1-1-gd02db69 (webtiles) character file.

Game seed: 3199783132205658969

162 Timinator the Insei (level 4, -10/54 HPs)
             Began as a Demigod Transmuter on Dec 19, 2022.
             Killed by divine providence
             ... invoked by an orc priest
              (13 damage)
             ... on level 2 of the Dungeon.
             The game lasted 00:08:00 (2966 turns).

Timinator the Insei (Demigod Transmuter)            Turns: 2966, Time: 00:08:01

Health: -10/54     AC: 22    Str: 11    XL:     4   Next: 99%
Magic:  10/10      EV:  2    Int: 15    God:
Gold:   115        SH:  0    Dex: 18    Spells: 4/7 levels left

rFire   . . .      SeeInvis .     - Unarmed
rCold   . . .      Faith    .   (no shield)
rNeg    . . .      Spirit   .   (body armour currently unavailable)
rPois   +          Reflect  .   (helmet currently unavailable)
rElec   .          Harm     .   (cloak currently unavailable)
rCorr   .          Rampage  .   (gloves currently unavailable)
Will    +....      NoTele   +   (boots currently unavailable)
Stlth   ++........              (no amulet)
HPRegen 0.18/turn               k - ring of willpower
MPRegen 0.12/turn               r - +4 ring of evasion

@: tree-form
A: stationary, stasis, torment immunity, boosted hp, high MP 1, forlorn, divine
attributes
a: no special abilities


You were on level 2 of the Dungeon.
You were a tree.
You visited 1 branch of the dungeon, and saw 3 of its levels.

You collected 115 gold pieces.

Inventory:

Missiles
 q - 5 boomerangs (quivered)
Armour
 d - a +0 ring mail
 g - a +0 pair of boots (melded)
 j - a +2 leather armour of fire resistance (melded)
 m - an orb of guile
Jewellery
 k - a ring of willpower (left branch)
 r - a +4 ring of evasion (right branch)
Wands
 n - a wand of flame (25)
 s - a wand of digging (2)
Scrolls
 c - 2 scrolls of teleportation {unknown}
 l - 2 scrolls of enchant armour {unknown}
 o - 3 scrolls of identify {unknown}
Potions
 a - a potion of might {unknown}
 b - a potion of lignification
 e - 2 potions of degeneration {unknown}
 f - a potion of haste {unknown}
 h - a potion of heal wounds
 i - a potion of attraction {unknown}
 p - a potion of brilliance {unknown}


   Skills:
 * Level 2.0 Fighting
 * Level 1.5 Armour
 * Level 2.4 Dodging
 + Level 3.4 Unarmed Combat
 + Level 2.2 Spellcasting
 * Level 2.6 Transmutations


You had 4 spell levels left.
You knew the following spells:

 Your Spells              Type           Power      Damage    Failure   Level
a - Beastly Appendage     Tmut           18%        N/A       8%          1
b - Wereblood             Tmut           9%         N/A       12%         2

Your spell library contained the following spells:

 Spells                   Type           Power      Damage    Failure   Level
 Poisonous Vapours        Pois/Air       2%         N/A       32%         2
 Spider Form              Tmut/Pois      5%         N/A       36%         3
 Portal Projectile        Hex/Tloc       2%         N/A       54%         3
 Tukima's Dance           Hex            1%         N/A       54%         3
 Ice Form                 Ice/Tmut       5%         N/A       77%         4
 Corpse Rot               Necr/Pois/Air  1%         N/A       91%         4
 Blade Hands              Tmut           4%         N/A       91%         5


Dungeon Overview and Level Annotations

Branches:
Dungeon (3/15)


Innate Abilities, Weirdness & Mutations

You are a tree.
Your roots penetrate the ground, keeping you stationary.
You cannot be teleported.
You are immune to unholy pain and torment.
Your maximum health is greatly increased.
Your equipment is partially melded.
You have an increased reservoir of magic. (+10% MP)
You shall have no god before yourself.
Your divine heritage dramatically boosts your attributes as you level up.


Message History

The orc priest is lightly wounded.
The orc priest calls upon Beogh to heal the orc priest.
The orc priest's wounds heal themselves!
The orc priest hits you with a +0 short sword.
The orc hits you with a +0 hand axe.
You closely miss the orc priest. Your kick misses the orc priest.
The orc priest hits you but does no damage.
The orc priest calls down the wrath of Beogh upon you.
Pain shoots through your body! The orc barely misses you.
You barely miss the orc priest. You claw the orc priest.
The orc priest is moderately wounded.
The orc priest hits you from afar with a +0 trident.
* * * LOW HITPOINT WARNING * * *
The orc priest hits you but does no damage.
The orc barely misses you.
The orc priest calls upon Beogh to heal the orc priest.
The orc priest's wounds heal themselves!
The orc priest hits you but does no damage.
The orc priest attacks as you move away!
The orc priest hits you with a +0 short sword.
* * * LOW HITPOINT WARNING * * *
There is a stone staircase leading up here.
Your transformation is almost over.
The orc priest begins to cast a cantrip, but forgets the words!
The orc priest hits you with a +0 short sword.
* * * LOW HITPOINT WARNING * * *
The orc barely misses you.
You climb upwards.
There is a stone staircase leading down here.
Really quaff the potion of lignification?
Your horns disappear.
Your talons disappear.
Your +0 pair of boots unmelds from your body.
You turn into a tree.
Your +0 pair of boots melds into your body.
Your +2 leather armour of fire resistance melds into your body.
You feel less resistant to fire.
Your roots penetrate the ground.
The orc hits you but does no damage.
The orc priest calls down the wrath of Beogh upon you.
Beogh smites you!
You die...

#.......# ####.#
#.#### ######.#####
#....# #....#
#.....#### #.####
####.# #####....#
###.# ##.##
###########.####...#
#....
#................###
###.#
#.###########.#..#
#.. #.#
######..o####### #.#
#†# #.....o♣.......#
#.# #.#
#.############.# #.#
#.# #.# #.....# #.#
#.######.# ##.####
#.# #........# #.#
#.# ########## #.#
###.# #.# #...#
#.########.###
#......†....#


You could see an orc priest and an orc.

Vanquished Creatures
  Ijyb (D:3)
  Natasha (thrice) (D:2)
  An adder (D:2)
  3 worms (D:2)
  3 dart slugs
  5 endoplasms
  A giant cockroach (D:2)
  5 goblins
  2 hobgoblins (D:3)
  A quokka (D:2)
  4 ball pythons
  3 bats
  3 frilled lizards
  6 kobolds
  3 rats
44 creatures vanquished.

Notes
Turn   | Place    | Note
-------+----------+-------------------------------------------
     0 | D:1      | Timinator the Demigod Transmuter began the quest for the
                  | Orb.
     0 | D:1      | Reached XP level 1. HP: 15/15 MP: 5/5
   262 | D:1      | Reached skill level 1 in Fighting
   683 | D:1      | Reached XP level 2. HP: 21/23 MP: 5/7
  1121 | D:1      | Reached skill level 3 in Unarmed Combat
  1666 | D:2      | Reached XP level 3. HP: 17/28 MP: 6/8
  1857 | D:2      | Noticed Natasha
  1863 | D:2      | Killed Natasha
  2093 | D:2      | Noticed Natasha
  2103 | D:2      | Killed Natasha
  2104 | D:2      | Reached skill level 1 in Armour
  2104 | D:2      | Reached XP level 4. HP: 29/36 MP: 9/9
  2434 | D:2      | Noticed Natasha
  2448 | D:2      | Killed Natasha
  2635 | D:3      | Learned a level 2 spell: Wereblood
  2708 | D:3      | Noticed Ijyb
  2736 | D:3      | Killed Ijyb
  2966 | D:2      | Killed from afar by an orc priest

Illustrated notes

Levels and vault maps discovered:
D:1:      spicycebolla_green_bress_n_ham_2, layout_basic
D:2:      layout_basic, dreamdust_ecumenical_altar_angels_and_demons,
          uniq_natasha
D:3:      layout_basic, amcnicky_altar_gilded, ebering_ghost_inner_flame,
          uniq_ijyb

Skill      XL: |  1  2  3  4 |
---------------+-------------+-----
Fighting       | 1 2 |  2.0
Transmutations | 2 |  2.6
Unarmed Combat | 3 |  3.4
Dodging        | 2 |  2.4
Spellcasting   | 2 |  2.2
Armour         | 1 |  1.5

Action                   |  1- 3 |  4- 6 || total
-------------------------+-------+-------++-------
Melee: Unarmed           |    77 |    80 ||   157
       Kick              |    13 |    18 ||    31
       Headbutt          |    10 |     9 ||    19
       Punch             |     2 |     4 ||     6
Throw: Boomerang         |       |     1 ||     1
 Cast: Beastly Appendage |    20 |    10 ||    30
  Use: Potion            |       |     1 ||     1
 Stab: Sleeping          |     1 |       ||     1
Armor: Robe              |     5 |       ||     5
       Leather armour    |    13 |    26 ||    39
       Skin              |       |     1 ||     1
Dodge: Dodged            |    29 |    48 ||    77
